 Dungeon Crawl Stone Soup version 0.28-a0-172-g787e458d71 (webtiles) character file.

Game seed: 3763199061905423781

439 bande the Shield-Bearer (level 7, -6/43 HPs)
             Began as a Gargoyle Fighter on Aug 17, 2021.
             Killed by divine providence
             ... invoked by an orc priest
              (14 damage)
             ... on level 4 of the Dungeon.
             The game lasted 00:06:17 (3689 turns).

bande the Shield-Bearer (Gargoyle Fighter)          Turns: 3689, Time: 00:06:19

Health: -6/43      AC: 16    Str: 21    XL:     7   Next: 1%
Magic:  7/7        EV:  4    Int:  8    God:
Gold:   85         SH: 11    Dex: 16    Spells: 6/6 levels left

rFire   . . .      SeeInvis .   a - +1 war axe
rCold   . . .      Faith    .   c - +1 kite shield
rNeg    + . .      Spirit   .   e - +0 plate armour
rPois   ∞          Reflect  .   (no helmet)
rElec   +          Harm     .   (no cloak)
rCorr   .          Rampage  .   (no gloves)
Will    .....                   (no boots)
Stlth   ..........              (no amulet)
HPRegen 0.14/turn               f - +6 ring of dexterity
MPRegen 0.10/turn               (no ring)

@: no status effects
A: sickness immunity, AC +4, negative energy resistance 1, electricity
resistance, torment resistance 1, petrification resistance
a: no special abilities


You were on level 4 of the Dungeon.
You visited 1 branch of the dungeon, and saw 4 of its levels.

You collected 105 gold pieces.
You spent 20 gold pieces at shops.

Inventory:

Hand Weapons
 a - a +1 war axe (weapon)
 k - a +2 flail of protection
Armour
 c - a +1 kite shield (worn)
 e - a +0 plate armour (worn)
Jewellery
 f - a +6 ring of dexterity (left hand)
 g - a ring of ice
Wands
 b - a wand of iceblast (8)
Scrolls
 j - a scroll of magic mapping
 o - a scroll of blinking
Potions
 d - a potion of might
 h - a potion of heal wounds
 i - a potion of resistance
 l - 2 potions of ambrosia
 m - a potion of haste
 p - 2 potions of cancellation


   Skills:
 + Level 4.2 Fighting
 + Level 4.0 Axes
 + Level 4.4 Armour
 + Level 1.0 Dodging
 + Level 4.6 Shields
 * Level 2.2 Evocations


You had 6 spell levels left.
You didn't know any spells.
Your spell library was empty.

Dungeon Overview and Level Annotations

Branches:
Dungeon (4/15)
 Temple: D:4-7

Altars:
Dithmenos
Xom
Zin

Shops:
D:2 (   D:3 *


Innate Abilities, Weirdness & Mutations

You are immune to sickness and miasma.
Your stone body is resilient. (AC +4)
You are immune to poison.
You resist negative energy. (rN+)
You are resistant to electric shocks. (rElec)
You are resistant to unholy torment.
You are immune to petrification.


Message History

An orc comes into view. It is wielding a +0 club.
The orc priest invokes the aid of Beogh against you.
Beogh smites you!
The orc moves out of view.
You see here a +1 dagger of protection.
No target in view!
No target in view!
No target in view!
An orc is nearby!
You hit the orc.
The orc is lightly wounded.
The orc priest mumbles some strange prayers to Beogh against you.
You struggle to resist.
The orc hits you with a +0 dagger. The orc hits you but does no damage.
You slash the orc!
You kill the orc!
You hit the orc wizard.
The orc wizard is moderately wounded.
You hit the orc. You block the orc's attack.
An orc priest comes into view. It is wielding a +0 dagger.
The orc wizard hits you but does no damage.
The orc hits you but does no damage.
You slash the orc!
You kill the orc!
You hit the orc wizard but do no damage.
The orc priest calls down the wrath of Beogh upon you.
Beogh smites you!
The orc wizard hits you but does no damage.
An orc comes into view. It is wielding a +0 short sword.
You hear a shout!
An orc comes into view. It is wielding a +0 dagger.
The orc shouts! x2; You hear a shout!
The orc priest calls down the wrath of Beogh upon you.
Beogh smites you!
The orc priest hits you but does no damage.
The orc wizard points at you and mumbles some strange words.
The magic dart hits you.
* * * LOW HITPOINT WARNING * * *
The orc priest invokes the aid of Beogh against you.
Beogh smites you!
You die...

................
#.#####.#####..# #
. #....# #..# .##.
#....####..##...
#.............# .
###.#.###..#..###..
#<............o.
###.####.#.§o##
#....@.ooo#§#
##.##.o..#§§§#
#.##.#)#.#§#o#
#.##...o§._o§
#.##.#.#§#§#o# #.
#....#§§§#o .....
#§## ....... ..
.....


You could see 2 orc priests, an orc wizard and 3 orcs.

Vanquished Creatures
  Sigmund (D:2)
  A black bear (D:3)
  An orc priest (D:4)
  A centaur skeleton (D:4)
  5 adders
  3 worms
  2 dart slugs
  4 orcs (D:4)
  7 endoplasms
  2 giant cockroaches (D:1)
  7 goblins
  3 hobgoblins
  3 jackals (D:1)
  3 quokkas
  5 ball pythons
  2 bats
  3 frilled lizards
  4 kobolds
  8 rats
65 creatures vanquished.

Vanquished Creatures (others)
  A plant (D:4)
1 creature vanquished.

Grand Total: 66 creatures vanquished

Notes
Turn   | Place    | Note
-------+----------+-------------------------------------------
     0 | D:1      | bande the Gargoyle Fighter began the quest for the Orb.
     0 | D:1      | Reached XP level 1. HP: 14/14 MP: 1/1
   330 | D:1      | Reached XP level 2. HP: 19/19 MP: 2/2
  1014 | D:1      | You fall into a shaft and drop 1 floor!
  1343 | D:1      | Reached XP level 3. HP: 24/24 MP: 3/3
  1569 | D:2      | Found Estuw's Antique Weapon Shoppe.
  1632 | D:2      | Found a faded altar of an unknown god.
  1913 | D:2      | Noticed Sigmund
  1928 | D:2      | Reached XP level 4. HP: 10/29 MP: 4/4
  1928 | D:2      | HP: 1/29 [something (10)]
  1930 | D:2      | Killed Sigmund
  1931 | D:2      | Reached skill level 1 in Evocations
  1931 | D:2      | Reached XP level 5. HP: 2/33 MP: 5/5
  1931 | D:2      | Reached XP level 6. HP: 2/38 MP: 6/6
  2553 | D:3      | Noticed a black bear
  2565 | D:3      | Killed a black bear
  2949 | D:3      | Found a glowing silver altar of Zin.
  2951 | D:3      | Noticed an angel
  2959 | D:3      | Found a shimmering altar of Xom.
  3042 | D:3      | Found Vephya's General Store.
  3047 | D:3      | Bought a scroll of identify for 20 gold pieces
  3256 | D:4      | HP: 1/38 [orc priest/divine providence (17)]
  3619 | D:4      | Reached skill level 1 in Dodging
  3661 | D:4      | Reached XP level 7. HP: 43/43 MP: 7/7
  3677 | D:4      | Found a shadowy altar of Dithmenos.
  3689 | D:4      | Killed from afar by an orc priest

Illustrated notes

Levels and vault maps discovered:
D:1:      evilmike_arrival_plus, layout_basic, serial_bayou_pond_c,
          kennysheep_doodads, wad_floor_pattern_untrapped, minivault_27
D:2:      layout_basic, serial_shops, nicolae_lakefront_shop,
          chequers_ecumenical_altar_simple_redux, st_stairs_3, minivault_24,
          grunt_ministairs_2, uniq_sigmund
D:3:      layout_rooms, grunt_temple_overflow_order_and_chaos_1, serial_shops,
          nicolae_shop_stone, chequers_serial_rivers_small_a,
          hangedman_decor_opposing, ebering_dispersal_statue_hall,
          minmay_bisected
D:4:      layout_basic, trog_antimagical, tso_oasis_becter,
          grunt_dithmenos_smoke_and_mirrors, chequers_serial_rivers_micro_a,
          roderic_serpentine_path, corexii_shack

Skill      XL: |  1  2  3  4  5  6  7 |
---------------+----------------------+-----
Axes           | 2 3 4 |  4.0
Fighting       | 4 |  4.2
Armour         | 4 |  4.4
Shields        | 4 |  4.6
Evocations     | 1 2 |  2.2
Dodging        | 1 |  1.0

Action                   |  1- 3 |  4- 6 |  7- 9 || total
-------------------------+-------+-------+-------++-------
Melee: War axe           |   115 |    95 |     8 ||   218
  Use: Scroll            |     3 |     7 |       ||    10
       Potion            |     1 |     1 |       ||     2
Armor: Scale mail        |    52 |       |       ||    52
       Plate armour      |    27 |    87 |     7 ||   121
Dodge: Dodged            |    36 |    14 |     1 ||    51
Block: Kite shield       |    57 |    65 |     2 ||   124

Table legend: (Time is in decaauts)
 A = Elapsed time spent in this place.
 B = Non-inter-level travel time spent in this place.
 C = Inter-level travel time spent in this place.
 D = Time resting spent in this place.
 E = Time spent auto-exploring this place.
 F = Levels seen in this place.
 G = Mean time per level.
                   A        B        C        D        E       F      G
               +--------+--------+--------+--------+--------+-----+--------+
         Total |   3835 |   3782 |     53 |   1255 |   1847 |   4 |  958.8 |
       Dungeon |   3835 |   3782 |     53 |   1255 |   1847 |   4 |  958.8 |
               +--------+--------+--------+--------+--------+-----+--------+

Top non-repeatable levels by time:
     D:1: 1580 daAuts
     D:2: 1022 daAuts
     D:3: 1002 daAuts
     D:4: 230 daAuts
